 Dungeon Crawl Stone Soup version 0.28.0-53-g5a82cb258f (webtiles) character file.

Game seed: 4131344663156141439

38 PentaManta the Changer (level 3, 0/26 HPs)
             Began as a Merfolk Transmuter on June 6, 2022.
             Slain by a worm (9 damage)
             ... on level 2 of the Dungeon.
             The game lasted 00:01:58 (2965 turns).

PentaManta the Changer (Merfolk Transmuter)         Turns: 2965, Time: 00:01:59

Health: 0/26       AC:  2    Str: 10    XL:     3   Next: 43%
Magic:  5/6        EV: 12    Int: 14    God:
Gold:   64         SH:  0    Dex: 14    Spells: 2/6 levels left

rFire   . . .      SeeInvis .     - Unarmed
rCold   . . .      Faith    .   (no shield)
rNeg    . . .      Spirit   .   a - +0 robe
rPois   .          Reflect  .   (helmet currently unavailable)
rElec   .          Harm     .   (no cloak)
rCorr   .          Rampage  .   (no gloves)
Will    .....                   (boots currently unavailable)
Stlth   +.........              (no amulet)
HPRegen 0.08/turn               (no ring)
MPRegen 0.10/turn               (no ring)

@: appendages
A: horns 2, (nimble swimmer 2), mertail
a: End Transformation


You were on level 2 of the Dungeon.
You had temporarily grown beastly horns.
You visited 1 branch of the dungeon, and saw 2 of its levels.

You collected 64 gold pieces.

Inventory:

Missiles
 b - 5 poisoned darts
Armour
 a - a +0 robe (worn)
Jewellery
 e - an amulet of faith
Scrolls
 f - a scroll of holy word {unknown}
 h - a scroll of teleportation {unknown}
Potions
 c - 3 potions of curing {unknown}
 d - a potion of resistance {unknown}
 g - a potion of mutation {unknown}


   Skills:
 - Level 1.1 Fighting
 - Level 2.6 Dodging
 - Level 3.2 Unarmed Combat
 - Level 2.0 Spellcasting
 + Level 5.0 Transmutations


You had 2 spell levels left.
You knew the following spells:

 Your Spells              Type           Power      Damage    Failure   Level
a - Beastly Appendage     Tmut           30%        N/A       3%          1
b - Spider Form           Tmut/Pois      8%         N/A       26%         3

Your spell library contained the following spells:

 Spells                   Type           Power      Damage    Failure   Level
 Wereblood                Tmut           15%        N/A       4%          2
 Ice Form                 Ice/Tmut       8%         N/A       63%         4


Dungeon Overview and Level Annotations

Branches:
Dungeon (2/15)

Altars:


Innate Abilities, Weirdness & Mutations

You have temporarily grown beastly horns.
((You are very nimble when in or above water. (Stealth+, EV+, Speed+++)))
Your lower body shifts to a powerful aquatic tail in water.


Message History

You grow a pair of large bovine horns.
The endoplasm quivers.
You barely miss the endoplasm. You headbutt the endoplasm.
You kill the endoplasm!
No target in view!
No target in view!
Your transformation is almost over.
Your horns disappear.
You open the door.
There is an open door here.
Key pressed, stopping explore.
h - a scroll labelled BANUUTAZXY You open the door.
A worm comes into view.
There is an open door here.
A worm is nearby!
A worm is nearby!
You grow a pair of large bovine horns.
An endoplasm comes into view.
Found a scroll labelled NULOIS DORROXU.
The worm misses you.
You barely miss the worm.
The endoplasm quivers.
You headbutt the worm!
The worm is heavily wounded.
The worm bites you!
You hit the worm.
The worm is heavily wounded.
You hit the worm.
The worm is heavily wounded.
The worm bites you but does no damage.
You hit the worm.
The worm is heavily wounded.
The endoplasm freezes you.
You are frozen.
You are too injured to fight recklessly!
You hit the worm.
The worm is severely wounded.
The endoplasm hits you. The worm bites you!
You die...

#. #? ## #. ..
#. ###.#.###
....... #
#####.##.##.#
........J@w.#
+#####'##..#
#.....###..#
+###.#.###+..#
#.###.###.#..#
#..#.#.#..#..#
#.###.#.#..#
#..#.#.#..#.##
#.###.###.#.#


You could see a worm and an endoplasm.

Vanquished Creatures
  8 ball pythons (D:1)
  6 endoplasms
  3 giant cockroaches (D:1)
  A goblin (D:2)
  5 hobgoblins (D:1)
  3 quokkas
  3 bats (D:1)
  A frilled lizard (D:1)
  2 kobolds (D:1)
  A rat (D:1)
33 creatures vanquished.

Vanquished Creatures (others)
  6 plants (D:2)
6 creatures vanquished.

Grand Total: 39 creatures vanquished

Notes
Turn   | Place    | Note
-------+----------+-------------------------------------------
     0 | D:1      | PentaManta the Merfolk Transmuter began the quest for the
                  | Orb.
     0 | D:1      | Reached XP level 1. HP: 15/15 MP: 3/3
   228 | D:1      | Reached skill level 3 in Transmutations
   853 | D:1      | Reached XP level 2. HP: 21/21 MP: 3/5
   881 | D:1      | HP: 1/21 [frozen (3)]
  1161 | D:1      | Reached skill level 4 in Transmutations
  1998 | D:1      | Reached XP level 3. HP: 22/26 MP: 4/6
  2445 | D:1      | Learned a level 3 spell: Spider Form
  2702 | D:2      | Reached skill level 5 in Transmutations
  2965 | D:2      | Slain by a worm

Illustrated notes

Levels and vault maps discovered:
D:1:      evilmike_arrival_rings, layout_basic
D:2:      layout_basic, shapermc_ecumenical_altar_hornbeckon,
          roderic_cross_of_infinity, chequers_arboretum

Skill      XL: |  1  2  3 |
---------------+----------+-----
Transmutations | 3 4 5 |  5.0
Fighting       | |  1.1
Dodging        | |  2.6
Unarmed Combat | |  3.2
Spellcasting   | |  2.0

Action                   || total
-------------------------++-------
Melee: Unarmed           ||   117
       Headbutt          ||    17
 Cast: Beastly Appendage ||    27
 Stab: Sleeping          ||     1
Armor: Robe              ||    32
Dodge: Dodged            ||    68
